 Dungeon Crawl Stone Soup version 0.19-a0-958-gd69d43c (webtiles) character file.

1469 AlphabetPasta the Bolt Thrower (level 9, -2/64 HPs)
             Began as a Human Wanderer on July 10, 2016.
             Was an Elder of Nemelex Xobeh.
             Shot with an arrow by a centaur (13 damage)
             ... on level 8 of the Dungeon on July 11, 2016.
             The game lasted 00:51:09 (6649 turns).

AlphabetPasta the Bolt Thrower (Human Wanderer)     Turns: 6649, Time: 00:51:11

Health: -2/64      AC:  4    Str: 14    XL:     9   Next: 6%
Magic:  15/15      EV: 13    Int: 14    God:    Nemelex Xobeh [****..]
Gold:   495        SH:  0    Dex: 13    Spells: 3 memorised, 11 levels left

rFire  . . .     SeeInvis .     b - +2 hand crossbow
rCold  . . .     Gourm    .     e - +0 robe
rNeg   . . .     Faith    .     (no shield)
rPois  .         Spirit   .     s - +0 helmet
rElec  .         Dismiss  .     (no cloak)
rCorr  +         Reflect  .     G - +0 pair of gloves
SustAt .         Harm     .     (no boots)
MR     .....                    (no amulet)
Stlth  +.........               (no ring)
                                F - ring of resist corrosion

@: not resistant to hostile enchantments, very unstealthy
A: no striking features
a: Triple Draw, Deal Four, Renounce Religion


You were on level 8 of the Dungeon.
You worshipped Nemelex Xobeh.
Nemelex Xobeh was greatly pleased with you.
You were not hungry.

You visited 1 branch of the dungeon, and saw 8 of its levels.
You also visited: Ossuary.

You collected 495 gold pieces.

Inventory:

Hand Weapons
 a - a +1 quarterstaff
 b - a +2 hand crossbow (weapon)
 w - a +0 hand axe
Missiles
 y - 11 bolts (quivered)
Armour
 e - a +0 robe (worn)
 s - a +0 helmet (worn)
 G - a +0 pair of gloves (worn)
Jewellery
 F - a ring of resist corrosion (left hand)
 M - an uncursed ring of ice
 N - an uncursed ring of fire
Wands
 q - a wand of iceblast (6/15)
 H - a wand of acid (4/15)
 K - a wand of iceblast (8/15)
 L - a wand of slowing (31/48)
Scrolls
 j - 2 scrolls of magic mapping
 k - 3 scrolls of teleportation
 x - 5 scrolls of remove curse
 A - a scroll of fog
 D - a scroll of fear
 I - 2 scrolls of identify
 J - 2 scrolls of blinking
Potions
 i - 6 potions of curing
 l - 4 potions of brilliance
 m - a potion of resistance
 o - a potion of haste
 u - 2 potions of flight
 v - 2 potions of might
 C - a potion of cancellation
Books
 c - the Papyrus of Companions

   Spells                             Type                      Level
   a - Summon Small Mammal            Summoning                    1
   b - Summon Guardian Golem          Hexes/Summoning              3
 d - the Tome of Damage Dealing

   Spells                             Type                      Level
   a - Sting                          Conjuration/Poison           1
   b - Stone Arrow                    Conjuration/Earth            3
 E - a book of Cantrips

   Spells                             Type                      Level
   a - Confusing Touch                Hexes                        1
   b - Animate Skeleton               Necromancy                   1
   c - Summon Small Mammal            Summoning                    1
   d - Apportation                    Translocation                1
Miscellaneous
 p - a plain deck of summoning {drawn: 2}
 r - a plain deck of escape {drawn: 3}
 z - an ornate deck of escape
 B - a plain deck of summoning
Comestibles
 f - 6 bread rations
 g - 5 meat rations
 h - 2 slices of pizza
 t - a beef jerky
 O - a chunk of flesh


   Skills:
 + Level 3.5 Fighting
 - Level 0.2 Axes
 + Level 2.5 Staves
 + Level 4.5 Crossbows
 - Level 1.2 Throwing
 - Level 1.1 Armour
 + Level 3.3 Dodging
 - Level 0.2 Stealth
   Level 1.0 Shields
 + Level 4.3 Spellcasting
 + Level 3.3 Conjurations
 + Level 3.6 Earth Magic
 - Level 1.0 Poison Magic
 + Level 4.0 Invocations


You had 11 spell levels left.
You knew the following spells:

 Your Spells              Type           Power        Failure   Level  Hunger
a - Sting                 Conj/Pois      #...         10%         1    None
b - Stone Arrow           Conj/Erth      ##....       14%         3    ###....
c - Apportation           Tloc           #.........   21%         1    None


Dungeon Overview and Level Annotations

Branches:
Dungeon (8/15)             Temple (0/1) D:6
   Lair: D:8-11

Altars:
Cheibriados
Dithmenos
Elyvilon
Hepliaklqana
Kikubaaqudgha
Makhleb
Nemelex Xobeh
Okawaru
Ru
Trog


Message History

The centaur shoots an arrow.
The arrow hits you!!
* * * LOW HITPOINT WARNING * * *
You feel better.
The centaur shoots an arrow.
The arrow hits you!
* * * LOW HITPOINT WARNING * * *
A kobold and a big kobold come into view.
Firing (i - inventory):
y - 13 bolts (quivered)
Press: ? - help, Shift-Dir - straight line, f/p - centaur
Aim: a centaur, wielding a shortbow (severely wounded)
You shoot a bolt. The bolt barely misses the centaur.
A five-headed hydra comes into view.
Firing (i - inventory):
y - 12 bolts (quivered)
Press: ? - help, Shift-Dir - straight line, f/p - centaur
Aim: a centaur, wielding a shortbow (severely wounded)
You shoot a bolt. The five-headed hydra roars!
The bolt hits the centaur.
The centaur is severely wounded.
The centaur shoots an arrow.
The arrow hits you!
You die...
Your body glows with a rainbow of weird colours and disappears.

(...... ..####
.(D(...##.....#
##............#
......[.......#
.....c........
#......(.....
...........###
.........@...###
..........(....###.
...K.............#.
...............###.
...K.........###.##
........#..###....#
....######........#
.......###........#
.........###.....##


You could see a five-headed hydra, a big kobold, a centaur and a kobold.

Vanquished Creatures
  2 centaurs
  A big kobold (D:7)
  A giant frog (D:5)
  A wyvern skeleton (D:5)
  4 howler monkeys
  A crimson imp (D:5)
  A centaur zombie (D:5)
  A quasit (D:6)
  A hound (D:4)
  2 orc wizards
  An iguana (D:6)
  A worker ant (D:6)
  A hound skeleton (D:5)
  3 mummies
  Robin (D:3)
  5 adders
  A howler monkey skeleton (D:7)
  A gnoll (D:7)
  2 shadow imps
  An adder skeleton (D:7)
  An adder zombie (D:7)
  3 dart slugs
  2 giant geckos
  5 orcs
  3 giant cockroaches
  11 goblins
  3 hobgoblins
  6 jackals
  15 kobolds
  4 quokkas
  A ball python (D:3)
  11 bats
  A giant gecko zombie (D:5)
  5 giant newts
  3 goblin zombies
  2 hobgoblin zombies (Ossuary)
  7 kobold zombies (Ossuary)
  2 orc zombies (Ossuary)
  A quokka skeleton (D:4)
  3 rats
121 creatures vanquished.

Vanquished Creatures (collateral kills)
  Sigmund (D:4)
  A wraith (Ossuary)
  2 black bears (D:6)
  A gnoll sergeant (D:7)
  2 howler monkeys
  2 orc priests
  A giant frog skeleton (D:7)
  A mummy (Ossuary)
  4 gnolls (D:7)
  3 adders
  A shadow imp (D:3)
  2 worms
  10 orcs
  8 goblins (D:3)
  4 hobgoblins (D:3)
  2 kobolds
45 creatures vanquished.

Grand Total: 166 creatures vanquished

Notes
Turn   | Place    | Note
-------+----------+-------------------------------------------
     0 | D:1      | AlphabetPasta the Human Wanderer began the quest for the Orb.
     0 | D:1      | AlphabetPasta set off with: a +2 hand crossbow, 23 bolts, the Papyrus of Companions, the Tome of Damage Dealing, a +0 robe, a bread ration
     0 | D:1      | Reached XP level 1. HP: 13/13 MP: 3/3
     0 | D:1      | Identified the Papyrus of Companions
     0 | D:1      | Identified the Tome of Damage Dealing
     2 | D:1      | Learned a level 1 spell: Sting
   124 | D:1      | Reached XP level 2. HP: 19/19 MP: 5/5
   214 | D:1      | Found a sparkling altar of Nemelex Xobeh.
   218 | D:1      | Became a worshipper of Nemelex Xobeh the Trickster
   676 | D:1      | Reached XP level 3. HP: 22/24 MP: 0/6
   681 | D:1      | Learned a level 3 spell: Stone Arrow
   842 | D:1      | You fall through a shaft!
   974 | D:2      | Received a gift from Nemelex Xobeh
  1043 | D:2      | Found a white marble altar of Elyvilon.
  1183 | D:2      | Reached skill level 1 in Poison Magic
  1183 | D:2      | Reached XP level 4. HP: 30/30 MP: 3/8
  1625 | D:3      | Reached * piety under Nemelex Xobeh
  1939 | D:3      | Reached skill level 1 in Dodging
  2038 | D:3      | Noticed Robin
  2048 | D:3      | Reached XP level 5. HP: 28/35 MP: 9/9
  2057 | D:3      | Killed Robin
  2057 | D:3      | Reached skill level 1 in Invocations
  2177 | D:3      | Found a bloodstained altar of Trog.
  2388 | D:3      | Received a gift from Nemelex Xobeh
  2434 | D:4      | Noticed Sigmund
  2447 | D:4      | Killed Sigmund
  2447 | D:4      | Reached skill level 1 in Fighting
  2447 | D:4      | Reached skill level 1 in Staves
  2447 | D:4      | Reached XP level 6. HP: 34/43 MP: 10/10
  2711 | D:4      | Found an ancient bone altar of Kikubaaqudgha.
  3036 | D:5      | Entered Level 5 of the Dungeon
  3083 | D:5      | Reached XP level 7. HP: 48/48 MP: 10/12
  3100 | D:5      | Reached ** piety under Nemelex Xobeh
  3216 | D:5      | Received a gift from Nemelex Xobeh
  3261 | D:5      | Found a shadowy altar of Dithmenos.
  3326 | D:5      | Found a sand-covered staircase.
  3337 | Ossuary  | Entered an ossuary
  3337 | Ossuary  | Noticed a wraith
  3337 | Ossuary  | Noticed a wraith
  3337 | Ossuary  | Noticed a wraith
  3969 | Ossuary  | Noticed a wraith
  3971 | Ossuary  | Noticed a hellwing
  3986 | Ossuary  | Killed a wraith
  4082 | Ossuary  | Learned a level 3 spell: Stone Arrow
  4317 | D:5      | Received a gift from Nemelex Xobeh
  4453 | D:5      | Reached XP level 8. HP: 48/56 MP: 13/13
  4757 | D:5      | Reached *** piety under Nemelex Xobeh
  5014 | D:6      | Found a staircase to the Ecumenical Temple.
  5121 | D:6      | Learned a level 1 spell: Apportation
  5157 | D:6      | Found an iron altar of Okawaru.
  5426 | D:6      | Found a bloodstained altar of Trog.
  5430 | D:6      | Noticed a wyvern
  5535 | D:6      | Found a sacrificial altar of Ru.
  5690 | D:6      | Found a hazy altar of Hepliaklqana.
  5690 | D:6      | Found a snail-covered altar of Cheibriados.
  5690 | D:6      | Found a burning altar of Makhleb.
  5842 | D:7      | HP: 2/58 [orc priest/divine providence (16)]
  5882 | D:7      | Received a gift from Nemelex Xobeh
  6452 | D:7      | Reached **** piety under Nemelex Xobeh
  6621 | D:8      | Reached XP level 9. HP: 64/64 MP: 15/15
  6649 | D:8      | Noticed a five-headed hydra
  6649 | D:8      | Shot with an arrow by a centaur

Vault maps used:
D:1:      eino_arrival_cavern_d, hex_intersection, nemelex_diamond_rough_becter
D:2:      elyvilon_altar_1
D:3:      kennysheep_goblin_castle, first_bread, trog_hazing_becter
D:4:      overflow_temple_1_default, st_stairs_1, uniq_sigmund
D:5:      nicolae_dithmenos_through_a_glass_darkly, nicolae_ossuary_entry_giza,
          kennysheep_generic_room_8
D:6:      gammafunk_temple_overflow_claw, okawaru_metal_pillars_1_2,
          trog_ov_bears_minmay, nicolae_ru_path_of_blood
D:8:      nicolae_ashenzari_panopticon, kennysheep_little_box,
          yredelemnul_forgotten_temple_becter, serial_shops, shop
Ossuary:  ossuary_kennysheep_city_of_the_dead

Skill      XL: |  1  2  3  4  5  6  7  8  9 |
---------------+----------------------------+-----
Poison Magic   | 1 |  1.0
Dodging        | 1 2 3 |  3.3
Crossbows      | 3 4 |  4.5
Invocations    | 1 2 3 4 |  4.0
Fighting       | 1 2 3 |  3.5
Staves         | 1 2 |  2.5
Spellcasting   | 3 4 |  4.3
Conjurations   | 2 3 |  3.3
Earth Magic    | 3 |  3.6
Axes           | |  0.2
Throwing       | |  1.2
Armour         | |  1.1
Stealth        | |  0.2
Shields        | |  1.0

Action                   |  1- 3 |  4- 6 |  7- 9 || total
-------------------------+-------+-------+-------++-------
Melee: Quarterstaff      |       |       |    63 ||    63
 Fire: Hand crossbow     |    36 |    47 |   129 ||   212
 Cast: Sting             |    35 |    47 |    30 ||   112
       Stone Arrow       |       |     3 |     5 ||     8
Invok: Triple Draw       |       |       |     1 ||     1
Evoke: Deck              |     2 |     4 |     8 ||    14
  Use: Scroll            |       |    12 |    11 ||    23
       Potion            |       |     2 |     7 ||     9
  Eat: Chunk             |     1 |     7 |     6 ||    14
       Beef jerky        |       |       |     3 ||     3
       Royal jelly       |       |       |     1 ||     1
Armor: Robe              |     7 |    16 |    17 ||    40
Dodge: Dodged            |    19 |    41 |    65 ||   125
